 Dungeon Crawl Stone Soup version 0.24-a0-264-gf46a388 (webtiles) character file.

Game seed: 2235915139437889262

1120 stalwartcrusatyr the Ruffian (level 8, -1/80 HPs)
             Began as a Troll Monk on Apr 21, 2019.
             Slain by an orc warrior
             ... wielding a +0 glaive
              (15 damage)
             ... on level 6 of the Dungeon.
             The game lasted 00:06:27 (3608 turns).

stalwartcrusatyr the Ruffian (Troll Monk)           Turns: 3608, Time: 00:06:28

Health: -1/80      AC:  7    Str: 22    XL:     8   Next: 12%
Magic:  7/7        EV: 12    Int:  6    God:
Gold:   357        SH:  0    Dex: 12    Spells: 7/7 levels left

rFire    . . .     SeeInvis .     - Unarmed
rCold    . . .     Gourm    +   (no shield)
rNeg     . . .     Faith    .   a - +0 robe
rPois    .         Spirit   .   (helmet restricted)
rElec    .         Reflect  .   q - +0 cloak
rCorr    .         Harm     .   (gloves unavailable)
MR       .....                  (boots unavailable)
Stlth    ++........             (no amulet)
HPRegen  0.63/turn              (no ring)
MPRegen  0.10/turn              (no ring)

@: no status effects
A: large, unfitting armour, claws 3, fast metabolism 3, gourmand, regeneration
1, shaggy fur 1, tough skin 3
a: no special abilities


You were on level 6 of the Dungeon.
You were not hungry.

You visited 1 branch of the dungeon, and saw 6 of its levels.

You collected 357 gold pieces.

Inventory:

Armour
 a - a +0 robe (worn)
 q - a +0 cloak (worn)
Jewellery
 t - an uncursed ring of ice {unknown}
Wands
 s - a wand of random effects (18)
 u - a wand of flame (14)
 y - a wand of iceblast (3)
Scrolls
 c - 2 scrolls of teleportation {unknown}
 d - 2 scrolls of fog {unknown}
 e - a scroll of fear {unknown}
 k - 4 scrolls of remove curse {unknown}
 l - a scroll of blinking {unknown}
 p - 4 scrolls of identify {unknown}
 r - a scroll of amnesia {unknown}
 w - a scroll of vulnerability {unknown}
 x - a scroll of magic mapping {unknown}
 z - a scroll of noise {unknown}
Potions
 f - 2 potions of might {unknown}
 g - a potion of invisibility {unknown}
 h - a potion of haste {unknown}
 i - 4 potions of cancellation {unknown}
 j - a potion of magic {unknown}
 m - a potion of heal wounds {unknown}
 n - 2 potions of degeneration {unknown}
 o - 3 potions of lignification {unknown}
 v - a potion of curing {unknown}
Comestibles
 b - 12 rations


   Skills:
 + Level 5.1 Fighting
 - Level 1.0 Armour
 + Level 5.1 Dodging
 - Level 1.0 Stealth
 + Level 6.2 Unarmed Combat


You had 7 spell levels left.
You didn't know any spells.
Your spell library contained the following spells:

 Spells                   Type           Power        Failure   Level  Hunger
 Animate Skeleton         Necr           N/A          45%         1    ##.....
 Apportation              Tloc           #.....       45%         1    ##.....
 Confusing Touch          Hex            #.....       45%         1    ##.....
 Summon Small Mammal      Summ           #...         45%         1    ##.....
 Sublimation of Blood     Necr           #.........   58%         2    ###....
 Vampiric Draining        Necr           #.........   83%         3    ####...
 Animate Dead             Necr           N/A          99%         4    #####..
 Borgnjor's Vile Clutch   Necr/Erth      #.........   100%        5    ######.
 Conjure Ball Lightning   Conj/Air       #.........   100%        6    #######


Dungeon Overview and Level Annotations

Branches:
Dungeon (6/15)
 Temple: D:4-7

Altars:
Ashenzari
Cheibriados
Elyvilon
Ru
Wu Jian
The Shining One


Innate Abilities, Weirdness & Mutations

You are too large for most types of armour.
You have claws for hands.
Your metabolism is lightning-fast.
You like to eat raw meat.
Your natural rate of healing is unusually fast.
You are covered in fur. (AC +1)
You have extremely tough skin. (AC +3)


Message History

You claw something!
Reactivating autopickup.
You feel a bit more experienced.
The orc warrior hits you with a +0 glaive!
* * * LOW HITPOINT WARNING * * *
The orc priest casts a cantrip, but nothing happens.
Items here: ))) [[ † You claw the orc warrior! x2
The orc warrior is heavily wounded.
The orc warrior hits you with a +0 glaive!
* * * LOW HITPOINT WARNING * * *
You scratch the orc warrior.
The orc warrior is severely wounded.
The orc warrior closely misses you.
You scratch the orc warrior but do no damage.
The orc warrior is severely wounded.
You scratch the orc warrior but do no damage.
The orc warrior is severely wounded.
The orc warrior hits you with a +0 glaive!
You die...

....##.# #..
######.### ### #
#.... ..# ## #..#
#.# .####..# #.#
.......### #.#
.###.....# #o#
####.###.## #o#
.....#.#..# #@#
####......# ##.# #
#......#####..### #
##...#.##.......# #
#..##.##.#####.# #
#.###.##.# #.# #
#........# #.# #
#####.##.# #.#
########.....#####.#


You could see an orc warrior and an orc priest.

Levels and vault maps discovered:
D:1:      minmay_arrival_shoal_huts, layout_basic
D:2:      layout_basic, elyvilon_altar_5, first_ration
D:3:      layout_loops_ring, lemuel_round_altar, nicolae_overflow_crystal_walls,
          gammafunk_temple_overflow_wave, uniq_terence, uniq_crazy_yiuf_cottage
D:4:      layout_rooms, uniq_natasha
D:5:      layout_loops_corners, kennysheep_mini, small_statue_alley_b,
          serial_park_tiny_2, minmay_strange_pillars, uniq_edmund
D:6:      layout_loops_ring, gammafunk_ghost_smash, lightli_corner_chamber

Notes
Turn   | Place    | Note
-------+----------+-------------------------------------------
     0 | D:1      | stalwartcrusatyr the Troll Monk began the quest for the
                  | Orb.
     0 | D:1      | Reached XP level 1. HP: 22/22 MP: 0/0
    56 | D:1      | Reached XP level 2. HP: 29/29 MP: 1/1
    61 | D:1      | You fall through a shaft!
   492 | D:1      | Reached XP level 3. HP: 7/36 MP: 2/2
   596 | D:1      | Reached skill level 1 in Armour
   779 | D:2      | You fall through a shaft for 2 floors!
  1127 | D:2      | You fall through a shaft for 2 floors!
  1264 | D:2      | Found a white marble altar of Elyvilon.
  1397 | D:3      | Found a runed translucent door.
  1398 | D:3      | Noticed Crazy Yiuf
  1448 | D:3      | Killed Crazy Yiuf
  1448 | D:3      | Reached XP level 4. HP: 41/45 MP: 3/3
  1479 | D:3      | Noticed Terence
  1484 | D:3      | Killed Terence
  1557 | D:3      | Found a glowing golden altar of the Shining One.
  1614 | D:3      | Found a sacrificial altar of Ru.
  1624 | D:3      | You fall through a shaft for 2 floors!
  1624 | D:5      | Entered Level 5 of the Dungeon
  1777 | D:4      | Reached skill level 4 in Unarmed Combat
  1877 | D:4      | Noticed Natasha
  1883 | D:4      | Killed Natasha
  1883 | D:4      | Reached XP level 5. HP: 39/53 MP: 4/4
  1959 | D:4      | Noticed Natasha
  1967 | D:4      | Killed Natasha
  2094 | D:3      | Found a snail-covered altar of Cheibriados.
  2094 | D:3      | Found an ornate altar of the Wu Jian Council.
  2459 | D:5      | Noticed a sky beast
  2468 | D:5      | Killed a sky beast
  2468 | D:5      | Reached XP level 6. HP: 43/62 MP: 5/5
  2749 | D:5      | Found a shattered altar of Ashenzari.
  2891 | D:5      | Identified Tezolog's Incunabulum of Air and Evil
  2981 | D:5      | Noticed Edmund
  2993 | D:5      | Killed Edmund
  2993 | D:5      | Reached skill level 5 in Unarmed Combat
  2993 | D:5      | Reached XP level 7. HP: 47/70 MP: 6/6
  3501 | D:6      | Reached skill level 5 in Fighting
  3501 | D:6      | Reached skill level 6 in Unarmed Combat
  3527 | D:6      | Reached skill level 5 in Dodging
  3527 | D:6      | Reached XP level 8. HP: 55/80 MP: 7/7
  3608 | D:6      | Slain by an orc warrior

Table legend:
 A = Turns spent in this place as a percentage of turns spent in the entire game.
 B = Non-inter-level travel turns spent in this place as a percentage of non-inter-level travel turns spent in the entire game.
 C = Inter-level travel turns spent in this place as a percentage of turns spent in this place.
 D = Turns resting spent in this place as a percentage of non-inter-level travel turns spent in this place.
 E = Turns spent auto-exploring this place as a percentage of non-inter-level travel turns spent in this place.
 F = Non-inter-level travel turns spent in this place divided by the number of levels of this place that you've seen.
                   A       B       C       D       E      F
               +-------+-------+-------+-------+-------+----------------------
         Total | 100.0 | 100.0 |   4.6 |   1.6 |  78.3 | 573.5
       Dungeon | 100.0 | 100.0 |   4.6 |   1.6 |  78.3 | 573.5
               +-------+-------+-------+-------+-------+----------------------

Table legend:
 A = Kills in this place as a percentage of kills in entire the game.
 B = Kills by you in this place as a percentage of kills by you in the entire game.
 C = Kills by friends in this place as a percentage of kills by friends in the entire game.
 D = Other kills in this place as a percentage of other kills in the entire game.
 E = Experience gained in this place as a percentage of experience gained in the entire game.
 F = Experience gained in this place divided by the number of levels of this place that you have seen.
                   A       B       C       D       E      F
               +-------+-------+-------+-------+-------+----------------------
         Total | 100.0 | 100.0 |   N/A |   N/A | 100.0 | 266.8
       Dungeon | 100.0 | 100.0 |   N/A |   N/A | 100.0 | 266.8
               +-------+-------+-------+-------+-------+----------------------

Action                   |  1- 3 |  4- 6 |  7- 9 || total
-------------------------+-------+-------+-------++-------
Melee: Unarmed           |   105 |    88 |   107 ||   300
       Punch             |       |     2 |     2 ||     4
 Stab: Sleeping          |     1 |     1 |       ||     2
  Eat: Chunk             |    18 |    14 |       ||    32
Armor: Robe              |    31 |    20 |    32 ||    83
Dodge: Dodged            |    41 |    30 |    40 ||   111

Vanquished Creatures
  Edmund (D:5)
  2 sky beasts
  An ice beast (D:6)
  A necrophage (D:5)
  A scorpion (D:6)
  A howler monkey (D:5)
  2 crimson imps (D:6)
  2 bullfrog zombies (D:6)
  A centaur zombie (D:6)
  A hound (D:5)
  Crazy Yiuf (D:3)
  An orc priest (D:3)
  Terence (D:3)
  Natasha (twice) (D:4)
  2 orc wizards (D:6)
  A worker ant (D:6)
  A killer bee zombie (D:5)
  A gnoll (D:1)
  A howler monkey zombie (D:5)
  An adder (D:6)
  A shadow imp (D:5)
  4 worms
  5 leopard geckos
  8 orcs
  2 bats
  2 giant cockroaches (D:1)
  4 goblins (D:1)
  5 hobgoblins
  6 jackals
  5 kobolds
  A ball python (D:1)
  5 frilled lizards
  A quokka zombie (D:6)
  8 rats
82 creatures vanquished.
